 Dungeon Crawl Stone Soup version 0.18-a0-1243-g9e52518 (webtiles) character file.

107 Chiseanne the Gusty (level 4, -2/36 HPs)
             Began as a Centaur Air Elementalist on Feb 5, 2016.
             Slain by an orc
             ... wielding a +0 flail
              (8 damage)
             ... on level 3 of the Dungeon.
             The game lasted 00:06:31 (3684 turns).

Chiseanne the Gusty (Centaur Air Elementalist)      Turns: 3684, Time: 00:06:31

Health: -2/36      AC:  6    Str: 10    XL:     4   Next: 57%
Magic:  4/6        EV:  8    Int: 15    God:
Gold:   178        SH:  0    Dex: 10    Spells: 1 memorised, 5 levels left

rFire  + . .     SeeInvis +     t - +1 falchion (holy)
rCold  . . .     Gourm    +     e - +2 leather armour {rF+}
rNeg   . . .     Faith    .     (no shield)
rPois  .         Spirit   .     (no helmet)
rElec  .         Dismiss  .     (no cloak)
rCorr  .         Reflect  .     (no gloves)
SustAt .         Harm     .     (no barding)
MR     .....                    f - amulet of the gourmand
Stlth  ..........               (no ring)
                                l - ring of see invisible

@: slowed, heavily drained, not resistant to hostile enchantments, extremely
unstealthy
A: hooves 3, deformed body, speed 2, tough skin 3
a: no special abilities


You were on level 3 of the Dungeon.
You were not hungry.

You visited 1 branch of the dungeon, and saw 3 of its levels.

You collected 178 gold pieces.

Inventory:

Hand Weapons
 k - a +0 spear
 n - a +2 hunting sling of freezing
 t - a +1 falchion of holy wrath (weapon)
Missiles
 a - 106 arrows
 d - 9 sling bullets
 r - 14 silver bolts
 s - 8 javelins (quivered)
Armour
 e - a +2 leather armour of fire resistance (worn)
Jewellery
 f - an amulet of the gourmand (around neck)
 i - a +1 ring of slaying {unknown}
 l - a ring of see invisible (left hand)
Scrolls
 o - a scroll of fear
 q - a scroll of identify
Potions
 h - 2 potions of curing
 j - a potion of lignification {unknown}
 p - a potion of flight {unknown}
Books
 b - a book of Air

   Spells                             Type                      Level
   a - Shock                          Conjuration/Air              1
   b - Swiftness                      Charms/Air                   2
   c - Repel Missiles                 Charms/Air                   2
   d - Static Discharge               Conjuration/Air              3
   e - Lightning Bolt                 Conjuration/Air              5
Comestibles
 c - 3 bread rations
 g - a chunk of flesh
 m - a slice of pizza


   Skills:
 + Level 2.2(0.5) Fighting
 * Level 2.5(0.7) Armour
 - Level 1.3(0.0) Dodging
 - Level 1.2(0.0) Stealth
 - Level 1.5(0.0) Spellcasting
 - Level 0.8(0.0) Conjurations
 - Level 2.6(0.9) Air Magic


You had 5 spell levels left.
You knew the following spells:

 Your Spells              Type           Power        Failure   Level  Hunger
a - Shock                 Conj/Air       #...         38%         1    ##.....


Dungeon Overview and Level Annotations

Branches:
Dungeon (3/15)

Altars:
Elyvilon

Annotations:
D:2 Grinder
D:3 Azzok's ghost, amateur OpAs


Innate Abilities, Weirdness & Mutations

You have hooves in place of feet.
Armour fits poorly on your strangely shaped body.
You cover ground very quickly.
You have extremely tough skin (AC +3).


Message History

You feel as though you will be slow longer.
You slash Robin!
You kill Robin!
The orc hits you with a flail.
You hit the orc.
The orc is lightly wounded.
The orc barely misses you. The orc hits you with a flail.
You completely miss the orc. Your kick misses the orc.
The orc is lightly wounded.
The orc hits you with a flail.
* * * LOW HITPOINT WARNING * * *
You closely miss the orc.
The orc is lightly wounded.
The orc hits you with a flail.
* * * LOW HITPOINT WARNING * * *
The orc barely misses you.
You hit the orc. Your kick misses the orc.
The orc is lightly wounded.
The orc hits you with a flail!
You die...

##.#..###........#.#
.#...#.#.#.#####..<#
.........#.# #..##
<....###.#.# #..#
###..# #.#.#
#..########
###..###.#.#
#.........#
...........#
#.#######.#
##.[.###.### #.#####
#.#.# #.# #@o...#
#.#.###.###########.#
#.#†.........# #.#
#.#............ #g#
#.##.##.###.#.# #.#
#.##.##.# # #.#
#.##.##.# #.# #.##..
.)# #.###. ###


You could see an orc.

Vanquished Creatures
  Ijyb (D:3)
  Robin (D:3)
  A gnoll (D:1)
  A worm (D:1)
  A giant gecko (D:1)
  4 bats (D:1)
  4 giant cockroaches
  12 goblins
  4 hobgoblins
  3 jackals (D:3)
  A quokka (D:2)
  5 giant newts
  6 kobolds
  12 rats
56 creatures vanquished.

Notes
Turn   | Place    | Note
--------------------------------------------------------------
     0 | D:1      | Chiseanne the Centaur Air Elementalist began the quest for the Orb.
     0 | D:1      | Reached XP level 1. HP: 14/14 MP: 3/3
   148 | D:1      | Reached skill level 1 in Fighting
   467 | D:1      | Reached XP level 2. HP: 21/23 MP: 4/4
   524 | D:1      | Reached skill level 1 in Armour
   524 | D:1      | HP: 1/23 [bat (1)]
   962 | D:1      | Reached XP level 3. HP: 24/28 MP: 5/5
  1475 | D:1      | HP: 1/28 [worm (5)]
  2374 | D:2      | Found a white marble altar of Elyvilon.
  3129 | D:3      | Noticed Ijyb
  3186 | D:3      | Killed Ijyb
  3186 | D:3      | Reached XP level 4. HP: 17/36 MP: 2/6
  3281 | D:3      | Noticed Azzok's ghost (amateur OpAs)
  3415 | D:3      | Noticed Grinder
  3656 | D:3      | Noticed Robin
  3680 | D:3      | Killed Robin
  3684 | D:3      | Slain by an orc

Vault maps used:
D:1:      evilmike_arrival_run_for_it
D:2:      elyvilon_altar_4, minmay_parallelograms, mrwooster_statue_mirror,
          corexii_item_surrounded_by_moat
D:3:      fedhas_altar_1, uniq_robin, uniq_iyjb, uniq_grinder

Action                   |  1- 3 |  4- 6 || total
-------------------------+-------+-------++-------
Melee: Club              |   123 |       ||   123
       Spear             |    88 |    27 ||   115
       Falchion          |       |    14 ||    14
 Cast: Shock             |    33 |     6 ||    39
  Use: Scroll            |     6 |     2 ||     8
       Potion            |     2 |       ||     2
  Eat: Chunk             |     7 |     2 ||     9
